FIQ, neutral male scurrid Tourist ---- ---- ---- ---- ---- ---- ---- ---- ------ ..... ..... ..... ..... ..... ..... ..... ..... .....| ..... ..... ..... ..... ..... ..... ..... ..... .....| |....)...................................[.>........................`.... |.... ..... ..... ..... ..... ..... ..... ..... .`.`. |%... ?.... ..... ..... ..... ..... ..... ..... .....u.. |.......................................``............................r..| | ..... ..... ..... ..... ..... ..... ..... ..... .B...| ..... ..... ..... ..... ..... ...`. ..... <.... ?....| ...........................................`........................[...| |.... ..... ..... ..... ..... ..... ..... ..... ....[ | |.... ..... ..... ..... ..... ....` ..... ..... ..... |.....%.................................................................. | ..+.. ..... ..... ..... ..... ..... ..... ..... ....%| ..... ..... ..... ..... ..... ..... ..... ..... .....| ..... ..... ..... ..... ..... ..... ..... ..... .....| ---- ---- ---- ---- ---- ---- ---- ---- ------ FIQ the Rambler Experience level: 1 Strength: 11 Dexterity: 10 Constitution: 14 Intelligence: 13 Wisdom: 9 Charisma: 18 Health: 0(9) Energy: 2(2) Def: 0 Gold: 257 Moves: 58 Dungeon seed: ozX2VOePUiLYMTa6 Game ID: FIQ_1498601553 Your Inventory: Coins $ - 257 gold pieces Weapons a - 36 uncursed +2 darts (in quiver) Armor e - an uncursed +0 Hawaiian shirt (being worn) Comestibles b - 5 uncursed food rations c - 2 uncursed fortune cookies d - 2 uncursed eggs f - an uncursed sprig of wolfsbane g - 2 uncursed tripe rations h - an uncursed tin of jackal meat i - an uncursed tin of spinach Scrolls k - a blessed scroll of magic mapping l - 3 uncursed scrolls of magic mapping Potions j - 2 uncursed potions of extra healing Wands o - an uncursed wand of secret door detection (0:14) Tools m - an uncursed expensive camera (0:35) n - an uncursed credit card p - an uncursed towel Spells and supernatural/magical abilities: Name Level Category Fail Memory W - pray for help -- divine ? -- Your skills at the end: Miscellaneous Skills wands [Basic] Weapon Skills dart [Basic] Spellcasting Skills Final Attributes: You were devoutly aligned. You had infravision. You were very stealthy. You are dead. Voluntary challenges: You went without food. You did not adorn yourself with jewelry or accessories. You did not cause conflict. You were not invisible. You did not have reflection. You were not displaced. You were an atheist. You never hit with a wielded weapon. You were a pacifist. You did not use tools. You did not use plumbed fixtures. You did not drink any magical draughts. You were illiterate. You never genocided any monsters. You never polymorphed an object. You never changed form. You used no wishes. You never split a pudding. You never wrote Elbereth's name. You never violated your personal moral code. Dungeon overview: The Dungeons of Doom: levels 1 to 15 Level 1 a long staircase Level 2 Level 3 Level 4 Level 5 Level 6 Level 7 Level 8 Level 9 Level 10 Level 11 Level 12 Level 13 Level 14 a fountain Level 15 <- You were here History has recorded: On T:1 you entered the Dungeons of Doom to retrieve the Amulet of Yendor! On T:25 you reached level 2 of The Dungeons of Doom. On T:28 you reached level 3 of The Dungeons of Doom. On T:30 you reached level 4 of The Dungeons of Doom. On T:32 you reached level 5 of The Dungeons of Doom. On T:34 you reached level 6 of The Dungeons of Doom. On T:37 you reached level 7 of The Dungeons of Doom. On T:39 you reached level 8 of The Dungeons of Doom. On T:41 you reached level 9 of The Dungeons of Doom. On T:43 you reached level 10 of The Dungeons of Doom. On T:47 you reached level 11 of The Dungeons of Doom. On T:49 you reached level 12 of The Dungeons of Doom. On T:52 you reached level 13 of The Dungeons of Doom. On T:54 you reached level 14 of The Dungeons of Doom. On T:56 you reached level 15 of The Dungeons of Doom. Score breakdown: Gold: 106 ( 10 points) Experience: 1 level ( 0 points) Exploration: 15 levels ( 420 points) Discoveries: 0 items ( 0 points) Variety of kills: 0 monsters ( 0 points) Major goal: (nothing yet) ( 0 points) Survival: died (score multiplied by 3) Total score: 1290 Latest messages: You continue digging downward. You dig a hole through the floor. You fall through... You start digging downward. You continue digging downward. You dig a pit in the floor. You continue digging downward. You dig a hole through the floor. You fall through... You receive a faint telepathic message from Twoflower: Your help is urgently needed at Ankh-Morpork! Look for a ...ic transporter. You couldn't quite make out that last message. You start digging downward. You continue digging downward. You dig a pit in the floor. You continue digging downward. You dig a hole through the floor. You fall through... You start digging downward. The vampire bat bites! (2x) You continue digging downward. You dig a pit in the floor. The warhorse kicks! The warhorse bites! The vampire bat bites! You die... Final status: Aloha FIQ the Tourist, killed by a vampire bat... You died in The Dungeons of Doom on dungeon level 15 with 1290 points, and 257 pieces of gold, after 58 moves. You were level 1 with a maximum of 9 hit points when you died.